 Dungeon Crawl Stone Soup version 0.22.1-1-ga44c0e56f4 (webtiles) character file.

72 OdinFK the Skirmisher (level 4, 0/37 HPs)
             Began as a Demonspawn Abyssal Knight on Oct 22, 2018.
             Was a Believer of Lugonu.
             Killed from afar by Natasha (12 damage)
             ... with a magic dart
             ... on level 2 of the Dungeon.
             The game lasted 00:02:58 (1487 turns).

OdinFK the Skirmisher (Demonspawn Abyssal Knight)   Turns: 1487, Time: 00:02:58

Health: 0/37       AC:  7    Str: 14    XL:     4   Next: 6%
Magic:  5/5        EV: 11    Int: 13    God:    Lugonu [**....]
Gold:   23         SH:  0    Dex: 12    Spells: 3/3 levels left

rFire    . . .     SeeInvis .   a - +1 hand axe
rCold    . . .     Gourm    .   (no shield)
rNeg     . . .     Faith    .   b - +0 leather armour
rPois    .         Spirit   .   (helmet restricted)
rElec    .         Reflect  .   (no cloak)
rCorr    .         Harm     .   g - +0 pair of gloves
MR       .....                  d - +2 pair of boots
Stlth    +.........             (no amulet)
HPRegen  0.12/turn              (no ring)
MPRegen  0.09/turn              (no ring)

@: slowed, very slow
A: antennae 1
a: Depart the Abyss, Bend Space, Renounce Religion


You were on level 2 of the Dungeon.
You worshipped Lugonu.
Lugonu was pleased with you.
You were not hungry.

You visited 1 branch of the dungeon, and saw 2 of its levels.
You visited the Abyss 1 time.

You collected 23 gold pieces.

Inventory:

Hand Weapons
 a - a +1 hand axe (weapon)
Armour
 b - a +0 leather armour (worn)
 d - a +2 pair of boots (worn)
 g - a +0 pair of gloves (worn)
Scrolls
 l - a scroll of magic mapping {unknown}
 m - a scroll of teleportation {unknown}
Potions
 e - a potion of flight {unknown}
 f - a potion of might {unknown}
 h - a potion of invisibility {unknown}
 i - 2 potions of heal wounds {unknown}
Comestibles
 c - 5 rations
 j - a chunk of flesh


   Skills:
 + Level 4.0 Fighting
 + Level 2.8 Axes
 + Level 2.2 Armour
 - Level 0.8 Dodging
 - Level 2.4 Invocations


You had 3 spell levels left.
You didn't know any spells.
Your spell library was empty.

Dungeon Overview and Level Annotations

Branches:
Dungeon (2/15)

Altars:

Annotations:
D:2 Natasha


Innate Abilities, Weirdness & Mutations

You have a pair of small antennae on your head.


Message History

You hit Natasha.
Natasha is severely wounded.
Natasha claws you but does no damage. Natasha barely misses you.
You barely miss Natasha.
Natasha is severely wounded.
Natasha claws you but does no damage. x2
You hit Natasha.
Natasha is almost dead.
Natasha misses you.
Natasha mumbles some strange words.
You feel disoriented. Natasha claws you but does no damage.
You barely miss Natasha.
Natasha is severely wounded.
Natasha claws you but does no damage. Natasha barely misses you.
You miss Natasha.
Natasha is severely wounded.
Natasha casts a spell at you. The magic dart hits you!
You die...

#...#....#..#..÷....#÷
#...#...##..#.......#.
###............>...... ###
###.#.###.#########. ..
#.#.# #....#....## #. #.#.#
###.##.##.## #.####)#.#
#.##.##.## #....#.#.#
#.##.##.##
###.####.##@#.#####.##.##.##
#.........h.#.......#...#.##
#########.######....#...#.##
#......#<...#...#...
##..##.#.#..#.#####.
#..##........# #.
#...#####.#### ## ##..# #.#
#..... ..#


You could see Natasha.

Vanquished Creatures
  Natasha (D:2)
  An adder (D:2)
  A leopard gecko (D:2)
  2 ball pythons (D:1)
  2 bats (D:2)
  3 giant cockroaches
  5 goblins
  7 hobgoblins
  2 frilled lizards
  A kobold (D:1)
  12 rats
37 creatures vanquished.

Notes
Turn   | Place    | Note
-------+----------+-------------------------------------------
     0 | Abyss:1  | OdinFK the Demonspawn Abyssal Knight began the quest for
                  | the Orb.
     0 | Abyss:1  | Reached XP level 1. HP: 18/18 MP: 2/2
    53 | Abyss:1  | Found a corrupted altar of Lugonu.
    69 | D:1      | Escaped the Abyss
   313 | D:1      | Gained mutation: You have a pair of small antennae on your
                  | head. [demonic ancestry]
   313 | D:1      | Reached XP level 2. HP: 22/24 MP: 3/3
   730 | D:1      | Reached ** piety under Lugonu
   833 | D:2      | Reached XP level 3. HP: 5/30 MP: 4/4
  1101 | D:2      | Noticed Natasha
  1110 | D:2      | Killed Natasha
  1110 | D:2      | Reached XP level 4. HP: 3/37 MP: 5/5
  1417 | D:2      | Reached skill level 4 in Fighting
  1471 | D:2      | Noticed Natasha
  1487 | D:2      | Killed from afar by Natasha

Skill      XL: |  1  2  3  4 |
---------------+-------------+-----
Axes           | 2 |  2.8
Armour         | 2 |  2.2
Fighting       | 4 |  4.0
Dodging        | |  0.8
Invocations    | |  2.4

Action                   |  1- 3 |  4- 6 || total
-------------------------+-------+-------++-------
Melee: Hand axe          |    94 |    31 ||   125
  Use: Potion            |     1 |     1 ||     2
 Stab: Sleeping          |     1 |       ||     1
  Eat: Chunk             |       |     2 ||     2
Armor: Leather armour    |    38 |    20 ||    58
Dodge: Dodged            |    79 |    33 ||   112
